 Dungeon Crawl Stone Soup version 0.31-a0-232-gb1c03b2570 (webtiles) character file.

Game seed: 4147499857460426521

1226 qw the Skirmisher (level 8, 0/64 (70) HPs)
             Began as a Minotaur Hexslinger on July 7, 2023.
             Slain by a wight
             ... wielding a +2 battleaxe of freezing
              (1 damage)
             ... on level 6 of the Dungeon.
             The game lasted 00:01:33 (4989 turns).

qw the Skirmisher (Minotaur Hexslinger)             Turns: 4989, Time: 00:01:34

HP:   0/64 (70)     AC:  6    Str: 12    XL:     8   Next: 23%
MP:   8/8           EV: 11    Int: 10    God:
Gold: 296           SH:  0    Dex: 16    Spells: 8/9 levels left

rFire   . . .        Y - +1 sling
rCold   . . .        (no shield)
rNeg    . . .        j - +0 ring mail
rPois   .            (helmet restricted)
rElec   .            (no cloak)
rCorr   .            (no gloves)
SInv    .            a - +0 pair of boots
Will    .....        (no amulet)
Stlth   +            (no ring)
HPRegen 0.30/turn    (no ring)
MPRegen 0.11/turn

%: clarity
@: about to teleport, drained
A: horns 2, retaliatory headbutt, clarity, passive freeze
a: no special abilities


You were on level 6 of the Dungeon.
You visited 1 branch of the dungeon, and saw 6 of its levels.

You collected 296 gold pieces.


Innate Abilities, Weirdness & Mutations

You have a pair of horns on your head.
You reflexively headbutt those who attack you in melee.
You possess an exceptional clarity of mind.
A frigid envelope surrounds you and freezes all who hurt you.


   Skills:
 - Level 5.6 Fighting
 - Level 9.4 Ranged Weapons
 - Level 2.0 Armour
 + Level 2.8 Dodging
 - Level 1.0 Spellcasting
 - Level 2.0 Hexes


You had 8 spell levels left.
You knew the following spells:

 Your Spells              Type           Power      Damage    Failure   Level
a - Slow                  Hex            16%        N/A       32%         1

Your spell library contained the following spells:

 Spells                   Type           Power      Damage    Failure   Level
 Inner Flame              Hex/Fire       2%         N/A       83%         3
 Portal Projectile        Hex/Tloc       4%         N/A       83%         3
 Cause Fear               Hex            2%         N/A       97%         4

Inventory:

Hand Weapons
 Y - a +1 sling (weapon)
Armour
 a - a +0 pair of boots (worn)
 j - a +0 ring mail (worn)
Jewellery
 f - a ring of ice
Scrolls
 b - a scroll of identify
 i - 2 scrolls of teleportation
Potions
 c - a potion of heal wounds
 d - a potion of haste
 e - a potion of mutation
 g - a potion of curing
 h - a potion of might {unknown}

Dungeon Overview and Level Annotations

Branches:
Dungeon (6/15)
 Temple: D:4-7

Altars:
Cheibriados
Elyvilon
Vehumet
Wu Jian
The Shining One


Message History

A wight comes into view.
It is wielding a +1 long sword of freezing.
You shoot a sling bullet.
The sling bullet barely misses the wight.
The wight hits you with a +0 long sword.
The wight resists.
The wight is very cold.
The wight is heavily damaged.
You shoot a sling bullet. The sling bullet hits the wight!
You destroy the wight!
You shoot a sling bullet.
The sling bullet barely misses the wight.
You shoot a sling bullet. The sling bullet hits the wight.
The wight is moderately damaged.
The wight barely misses you.
You shoot a sling bullet. The sling bullet hits the wight.
The wight is moderately damaged.
The wight hits you with a +2 battleaxe of freezing!
You feel drained. The wight freezes you.
The wight completely resists.
The wight hits you with a +1 long sword of freezing!
The wight freezes you.
The wight completely resists.
You shoot a sling bullet. The sling bullet hits the wight.
The wight is heavily damaged.
The wight hits you with a +2 battleaxe of freezing!
You feel drained. The wight freezes you.
The wight hits you with a +1 long sword of freezing.
You feel drained. The wight freezes you.
The wight resists.
The wight is very cold.
The wight is lightly damaged.
You shoot a sling bullet.
The sling bullet hits the wight but does no damage.
The wight is heavily damaged.
The wight hits you with a +2 battleaxe of freezing!
The wight freezes you.
The wight resists.
The wight is very cold.
The wight is heavily damaged.
The wight completely misses you.
4989 ||| READING 3 scrolls of teleportation.
As you read the scroll of teleportation, it crumbles to dust.
You feel strangely unstable.
The wight hits you with a +2 battleaxe of freezing.
The wight freezes you.
You die...

.## # #####
...#.#...#
.##.#.#.#.#
......#.#.#
......z>..# #
#.z@..#.#
#.....#.....#
#...# #<..###
#.. #.### .
#.# #.. #.#
#.# #.#


You could see 2 wights.

Vanquished Creatures
  Sigmund (D:4)
  A wyvern (D:5)
  2 ogres
  2 phantoms
  2 scorpions (D:5)
  A wight (D:6)
  A hound (D:5)
  A jelly (D:5)
  A gnoll bouda (D:4)
  2 orc priests (D:5)
  2 iguanas (D:5)
  Natasha (twice) (D:2)
  4 gnolls (D:4)
  6 adders
  2 ufetubi (D:5)
  5 worms
  A dart slug (D:1)
  6 orcs
  5 endoplasms
  A giant cockroach (D:1)
  6 hobgoblins
  10 jackals
  7 kobolds
  4 quokkas
  6 ball pythons
  8 bats
  3 frilled lizards
  4 goblins
  6 rats
102 creatures vanquished.

Notes
Turn   | Place    | Note
-------+----------+-------------------------------------------
     0 | D:1      | qw the Minotaur Hexslinger began the quest for the Orb.
     0 | D:1      | Reached XP level 1. HP: 16/16 MP: 1/1
     0 | D:1      | 0 ||| qw: Version: 0.3-a-46-gb1f654a
     0 | D:1      | 0 ||| qw: Game counter: 2795
     0 | D:1      | 0 ||| qw: Melee chars always use a shield: true
     0 | D:1      | 0 ||| qw: God list: Okawaru
     0 | D:1      | 0 ||| qw: Allow faded altars: false
     0 | D:1      | 0 ||| qw: Do Orc after clearing Dungeon:15 true
     0 | D:1      | 0 ||| qw: Do second Lair branch before Depths: true
     0 | D:1      | 0 ||| qw: Lair rune preference: random
     0 | D:1      | 0 ||| qw: Goals: Normal
     0 | D:1      | 0 ||| PLANNING D:1-11
    48 | D:1      | HP: 2/16 [dart slug/slug dart (4)]
   118 | D:1      | Reached skill level 3 in Ranged Weapons
   118 | D:1      | Reached XP level 2. HP: 23/23 MP: 2/2
   193 | D:1      | You fall into a shaft and drop 1 floor!
   341 | D:2      | 341 ||| UPGRADING to +0 leather armour.
   351 | D:2      | 351 ||| DROPPING +0 robe.
   352 | D:2      | 352 ||| READING scroll labelled NUUD GUSANAF.
   396 | D:2      | 396 ||| READING scroll labelled MEAZEQ IRIA.
   397 | D:2      | 397 ||| READING 2 scrolls labelled TAARRI ZEIDECS.
   404 | D:2      | 404 ||| DRINKING 2 viscous dark potions.
   404 | D:2      | Gained mutation: You possess an exceptional clarity of
                  | mind. [potion of mutation]
   404 | D:2      | Gained mutation: A frigid envelope surrounds you and
                  | freezes all who hurt you. [potion of mutation]
   405 | D:2      | 405 ||| DROPPING scroll of poison.
   406 | D:2      | 406 ||| Stepping randomly (stuck).
   407 | D:2      | 407 ||| Stepping randomly (stuck).
   419 | D:2      | 419 ||| FLEEEEING.
   420 | D:2      | 420 ||| FLEEEEING.
   421 | D:2      | 421 ||| FLEEEEING.
   422 | D:2      | 422 ||| FLEEEEING.
   423 | D:2      | 423 ||| FLEEEEING.
   424 | D:2      | 424 ||| FLEEEEING.
   425 | D:2      | 425 ||| STAIRDANCE
   700 | D:1      | Reached XP level 3. HP: 27/29 MP: 3/3
   875 | D:1      | 875 ||| UPGRADING to +0 pair of boots.
   880 | D:1      | 880 ||| READING scroll labelled VACWIE LATU.
   928 | D:2      | 928 ||| STAIRDANCE
   929 | D:2      | Reached skill level 4 in Ranged Weapons
   990 | D:2      | Noticed Natasha
   996 | D:2      | Killed Natasha
   997 | D:2      | Reached XP level 4. HP: 20/36 MP: 4/4
  1063 | D:2      | Found a faded altar of an unknown god.
  1469 | D:2      | Reached skill level 5 in Ranged Weapons
  1473 | D:2      | Noticed Natasha
  1481 | D:2      | Killed Natasha
  1773 | D:2      | 1773 ||| READING scroll labelled HEBIUS XEUMN.
  1823 | D:3      | Reached skill level 3 in Fighting
  1826 | D:3      | 1826 ||| STAIRDANCE
  1925 | D:3      | Reached XP level 5. HP: 45/45 MP: 5/5
  1951 | D:3      | Found an ornate altar of the Wu Jian Council.
  1951 | D:3      | Found a snail-covered altar of Cheibriados.
  1953 | D:3      | Found a white marble altar of Elyvilon.
  1953 | D:3      | Found a glowing golden altar of the Shining One.
  2604 | D:3      | 2604 ||| READING scroll labelled UKHUECLIUWK.
  2605 | D:3      | 2605 ||| DRINKING 2 fizzy emerald potions.
  2606 | D:3      | 2606 ||| READING 2 scrolls of identify.
  2606 | D:3      | 2606 ||| IDENTIFYING ruby potion
  2607 | D:3      | 2607 ||| DROPPING potion of attraction.
  2652 | D:4      | Noticed a phantom
  2660 | D:4      | Killed a phantom
  2661 | D:4      | Reached skill level 6 in Ranged Weapons
  2705 | D:4      | Identified the +5 hand axe "Baudgh" {venom, rPois}
  2746 | D:4      | Reached skill level 1 in Armour
  2746 | D:4      | Reached XP level 6. HP: 34/51 MP: 6/6
  2752 | D:4      | HP: 5/51 [gnoll bouda/+0 whip (10)]
  2753 | D:4      | 2753 ||| READING 4 scrolls of teleportation.
  2753 | D:4      | HP: 1/51 [gnoll bouda/+0 whip (5)]
  3555 | D:4      | Noticed Sigmund
  3572 | D:4      | Killed Sigmund
  3738 | D:4      | 3738 ||| UPGRADING to +0 ring mail.
  3748 | D:4      | 3748 ||| DROPPING +0 leather armour.
  3749 | D:4      | 3749 ||| DRINKING 2 sedimented clear potions.
  3750 | D:4      | 3750 ||| READING 4 scrolls of identify.
  3750 | D:4      | 3750 ||| IDENTIFYING inky potion
  3751 | D:4      | 3751 ||| READING 3 scrolls of identify.
  3751 | D:4      | 3751 ||| IDENTIFYING fuming pink potion
  3752 | D:4      | 3752 ||| READING 2 scrolls of identify.
  3752 | D:4      | 3752 ||| IDENTIFYING fizzy ruby potion
  3753 | D:4      | 3753 ||| DROPPING potion of magic.
  3754 | D:4      | 3754 ||| DROPPING potion of lignification.
  3775 | D:5      | Entered Level 5 of the Dungeon
  3781 | D:5      | 3781 ||| STAIRDANCE
  3789 | D:4      | Reached XP level 7. HP: 39/62 MP: 7/7
  3876 | D:5      | Reached skill level 7 in Ranged Weapons
  3935 | D:5      | Reached skill level 8 in Ranged Weapons
  4416 | D:5      | Reached XP level 8. HP: 58/70 MP: 8/8
  4732 | D:5      | Found a radiant altar of Vehumet.
  4736 | D:5      | Reached skill level 9 in Ranged Weapons
  4791 | D:5      | Identified the +4 trident of Realif {speed, Will- Str+3
                  | Int+7}
  4988 | D:6      | HP: 9/64 [wight/+2 battleaxe of freezing (14)]
  4989 | D:6      | 4989 ||| READING 3 scrolls of teleportation.
  4989 | D:6      | HP: 1/64 [wight/+2 battleaxe of freezing (4)]
  4989 | D:6      | Slain by a wight

Levels and vault maps discovered:
D:1:      pf_arrival_petrified_forest, layout_rooms, st_stairs_12,
          chequers_serial_rivers_room_a, minmay_misc_feat_room,
          serial_bayou_pond_c
D:2:      layout_loops_corners, chequers_ecumenical_altar_simple, uniq_natasha
D:3:      layout_loops_ring, mainiacjoe_overflow_alcove_3, minivault_5,
          nrook_uturn
D:4:      layout_loops_corners, minmay_checkerbox, uniq_sigmund
D:5:      layout_cave_pods, nicolae_vehumet_altar_sigil
D:6:      layout_basic, fedhas_ov_isle_minmay, marbit_many_paths,
          minmay_temple_entry_statues_pillars, serial_curves, eino_curves_04,
          eino_curves_02, uniq_edmund

Skill      XL: |  1  2  3  4  5  6  7  8 |
---------------+-------------------------+-----
Ranged Weapons | 3 4 5 6 8 9 |  9.4
Fighting       | 2 3 5 |  5.6
Armour         | 1 2 |  2.0
Dodging        | |  2.8
Spellcasting   | |  1.0
Hexes          | |  2.0

Action                     |  1- 3 |  4- 6 |  7- 9 || total
---------------------------+-------+-------+-------++-------
   Fire: Sling             |    80 |   181 |    92 ||   353
    Use: Scroll            |     4 |     7 |     1 ||    12
         Potion            |     1 |     2 |       ||     3
 Armour: Robe              |     2 |       |       ||     2
         Leather armour    |     6 |    13 |       ||    19
         Ring mail         |       |       |    14 ||    14
  Dodge: Dodged            |    25 |    39 |    28 ||    92

Table legend:
 A = Non-vault XP
 B = Vault XP
 C = Vault XP percentage of total XP
 D = Non-vault monster count
 E = Vault monster count
 F = Vault count percentage of total count
                 A         B        C        D         E       F
            +---------+---------+-------+---------+---------+-------
      Total |    1355 |     397 |  22.7 |      94 |       8 |   7.8
            +---------+---------+-------+---------+---------+-------
        D:1 |      43 |       4 |   8.5 |      25 |       2 |   7.4
        D:2 |      98 |      35 |  26.3 |      22 |       1 |   4.3
        D:3 |      63 |       0 |   0.0 |      17 |       0 |   0.0
        D:4 |     238 |     358 |  60.1 |       9 |       5 |  35.7
        D:5 |     841 |       0 |   0.0 |      20 |       0 |   0.0
        D:6 |      72 |       0 |   0.0 |       1 |       0 |   0.0
            +---------+---------+-------+---------+---------+-------
